Map: Acropolis LE

Players

Scarlett - Winner!

  • Race: Zerg Zerg
  • Spawn Location: 11:00

Cham

  • Race: Zerg Zerg
  • League: Master
  • Spawn Location: 5:00

Event: NationWars 2019

VOD

Have the link to the VOD?

Description

Time

  • Played on: Oct. 5, 2019, 3:13 p.m.
  • Length: 11:57
Show
View Real Time Build Order
Export as new Build Order

Scarlett Zerg - Winner!

Build Orders: Hatch First 

Get SALT Encoding   

  12  0:02  Drone  
  13  0:13  Overlord  
  13  0:17  Drone  
  14  0:31  Drone x2  
  16  0:47  Hatchery  
  15  0:51  Drone  
  15  0:54  Drone  
  17  0:58  Drone  
  18  1:08  Extractor  
  17  1:13  Spawning Pool  
  17  1:16  Drone  
  17  1:19  Drone  
  18  1:28  Drone  
  19  1:39  Drone  
  20  1:50  Drone  
  21  1:59  Queen x2  
  21  2:00  Overlord  
  25  2:01  Drone  
  26  2:10  Metabolic Boost, Drone  
  26  2:12  Drone  
  28  2:20  Drone  
  29  2:23  Drone  
  30  2:31  Hatchery  
  29  2:38  Drone x2  
  29  2:43  Queen  
  33  2:48  Overlord  
  33  2:50  Zergling x2  
  34  2:53  Drone  
  34  2:54  Drone  
  36  3:09  Drone x7  
  43  3:12  Overlord  
  43  3:19  Roach Warren  
  42  3:23  Drone  
  42  3:24  Drone  
  44  3:28  Evolution Chamber  
  44  3:30  Extractor  
  42  3:34  Zergling x4  
  42  3:39  Drone x3, Extractor  
  42  3:41  Drone  
  47  3:47  Drone  
  48  3:51  Lair  
  48  3:52  Drone x3  
  48  3:55  Zerg Missile Weapons Level 1  
  51  3:59  Drone x3  
  54  4:04  Overlord  
  54  4:06  Overlord  
  54  4:11  Drone  
  54  4:13  Zergling x4  
  54  4:15  Drone  
  57  4:20  Overlord  
  57  4:23  Drone x4  
  61  4:27  Drone x2  
  61  4:30  Drone  
  61  4:31  Drone x2  
  66  4:35  Drone x2  
  68  4:45  Drone x3  
  71  4:47  Drone x6  
  71  4:50  Extractor  
  71  4:51  Extractor, Pneumatized Carapace  
  71  4:52  Overseer, Extractor  
  74  4:55  Glial Reconstitution  
  74  4:58  Drone x5  
  79  5:02  Overlord  
  79  5:04  Roach  
  81  5:08  Overseer  
  81  5:11  Spire  
  81  5:14  Overlord x2  
  80  5:18  Overlord  
  82  5:21  Roach x4  
  82  5:25  Roach  
  90  5:29  Overlord x2  
  90  5:34  Roach x4  
  98  5:42  Overlord  
  98  5:44  Roach x3  
  98  5:47  Roach x4  
  112  5:51  Spine Crawler  
  112  5:55  Roach x2  
  115  5:59  Roach  
  115  6:02  Roach x5  
  127  6:05  Roach  
  127  6:07  Overlord  
  127  6:09  Ravager  
  127  6:10  Overlord  
  130  6:11  Roach  
  130  6:12  Ravager  
  130  6:14  Roach  
  130  6:16  Ravager, Overlord  
  130  6:17  Roach  
  129  6:33  Roach x10  
  129  6:36  Zerg Missile Weapons Level 2  
  147  6:44  Roach x3  
  131  6:49  Roach x5  
  131  6:53  Roach  
  127  6:57  Roach x2, Queen  
  127  6:59  Roach  
  127  7:00  Roach  
  121  7:08  Roach  
  121  7:09  Roach x2  
  121  7:15  Roach  
  127  7:17  Queen x2  
  127  7:18  Mutalisk x2  
  135  7:26  Roach  
  135  7:27  Roach  
  131  7:35  Roach x7  
  136  7:41  Roach x2  
  128  7:47  Roach, Queen  
  128  7:50  Spine Crawler, Roach x2  
  127  7:52  Queen  
  127  7:57  Roach  
  117  8:00  Roach  
  117  8:03  Roach  
  117  8:09  Roach x4  
  125  8:18  Roach x3  
  131  8:23  Ravager  
  131  8:25  Roach x2  
  136  8:29  Roach x6  
  148  8:35  Overlord x3  
  148  8:40  Ravager  
  148  8:41  Ravager x6  
  155  8:42  Roach x3  
  161  8:54  Zerg Ground Armor Level 1  
  161  8:58  Roach  
  161  8:59  Roach x4  
  167  9:04  Hatchery  
  167  9:06  Overlord x2  
  166  9:12  Mutalisk x2  
  170  9:20  Roach x7  
  184  9:31  Roach  
  184  9:32  Roach x5  
  194  9:46  Roach  
  194  9:47  Roach x2  
  200  9:58  Spine Crawler  
  195  10:02  Roach x2  
  195  10:03  Overlord  
  191  10:13  Roach x10  
  183  10:21  Roach x2  
  177  10:24  Roach  
  177  10:25  Roach x3  
  167  10:36  Roach x4  
  168  10:56  Mutalisk x8  
  168  10:58  Extractor  
  168  10:59  Drone x3  
  168  11:03  Extractor  
  175  11:13  Mutalisk x2  
  175  11:14  Roach  
  163  11:19  Roach x3  
  163  11:25  Roach x7  
  151  11:33  Roach x6  
Show
View Real Time Build Order
Export as new Build Order

Cham Zerg 

Build Orders: Hatch First 

Get SALT Encoding   

  12  0:01  Drone  
  13  0:08  Drone  
  14  0:16  Overlord  
  14  0:34  Drone x2  
  16  0:47  Hatchery  
  15  0:51  Drone  
  15  0:56  Drone  
  17  0:59  Drone  
  18  1:09  Extractor  
  17  1:14  Spawning Pool  
  17  1:17  Drone  
  17  1:20  Drone  
  18  1:28  Drone  
  19  1:44  Drone  
  20  1:51  Drone  
  21  1:59  Drone  
  21  2:00  Queen x2  
  26  2:01  Overlord  
  26  2:10  Drone  
  26  2:11  Drone  
  26  2:12  Metabolic Boost  
  28  2:21  Drone  
  29  2:23  Drone  
  30  2:32  Hatchery  
  29  2:42  Baneling Nest  
  29  2:43  Drone  
  29  2:44  Drone  
  30  2:47  Overlord  
  30  2:50  Drone  
  31  2:56  Zergling x4  
  33  3:04  Zergling x2  
  33  3:05  Overlord  
  34  3:07  Drone x2  
  34  3:09  Drone  
  34  3:12  Drone  
  38  3:18  Drone x3  
  41  3:20  Zergling x2  
  41  3:26  Evolution Chamber  
  41  3:28  Overlord  
  41  3:32  Drone  
  42  3:38  Queen  
  44  3:43  Drone  
  44  3:44  Drone x2  
  44  3:45  Drone x2  
  44  3:46  Drone  
  44  3:48  Drone  
  51  3:51  Zerg Missile Weapons Level 1  
  50  3:56  Lair  
  50  3:58  Drone  
  50  4:00  Baneling  
  50  4:01  Zergling x2  
  52  4:04  Drone x2  
  52  4:06  Drone  
  52  4:07  Drone  
  52  4:09  Extractor  
  55  4:10  Extractor  
  55  4:11  Drone  
  55  4:15  Roach Warren  
  54  4:17  Overlord  
  54  4:23  Drone x3  
  57  4:25  Drone x2  
  57  4:26  Drone  
  57  4:27  Drone  
  57  4:29  Drone  
  62  4:31  Overlord  
  62  4:37  Drone  
  63  4:41  Overlord  
  63  4:42  Drone  
  64  4:48  Overlord  
  64  4:49  Extractor x2  
  64  4:50  Overlord  
  64  4:52  Drone x4  
  66  4:55  Glial Reconstitution  
  66  4:56  Roach  
  66  4:57  Roach  
  66  4:59  Roach x2  
  73  5:02  Roach  
  73  5:05  Roach x2  
  79  5:10  Roach x2  
  79  5:13  Overlord  
  83  5:26  Nydus Network, Roach x3  
  88  5:31  Roach x3  
  88  5:32  Overlord  
  88  5:35  Roach  
  96  5:38  Roach x2  
  96  5:42  Overlord  
  100  5:43  Roach  
  100  5:44  Roach x2  
  100  5:47  Roach  
  100  5:48  Roach  
  110  5:50  Roach  
  110  5:53  Roach  
  110  5:56  Roach  
  116  6:01  Roach  
  116  6:02  Nydus Canal, Roach  
  120  6:04  Roach x2  
  120  6:05  Roach  
  120  6:09  Roach x2  
  130  6:16  Nydus Canal  
  130  6:18  Overlord x2  
  125  6:32  Roach x4  
  125  6:33  Roach  
  125  6:34  Roach  
  125  6:39  Roach x2  
  133  6:41  Roach  
  133  6:43  Roach  
  133  6:44  Roach  
  133  6:46  Roach  
  129  6:48  Roach  
  129  6:50  Roach x3  
  129  6:51  Roach  
  121  6:56  Roach  
  109  7:03  Roach x4  
  109  7:07  Nydus Canal  
  113  7:09  Roach  
  113  7:11  Roach  
  111  7:17  Roach x2  
  111  7:24  Nydus Canal  
  111  7:32  Roach x2  
  111  7:36  Roach x2  
  111  7:40  Roach x2  
  111  7:42  Roach x2  
  111  7:43  Roach  
  113  7:45  Zerg Missile Weapons Level 2  
  113  7:48  Queen x2  
  113  7:49  Roach x2  
  105  7:55  Hatchery  
  94  8:00  Roach  
  94  8:01  Roach  
  94  8:03  Roach x3  
  94  8:05  Roach x3  
  104  8:07  Roach  
  104  8:09  Roach  
  104  8:12  Roach  
  110  8:15  Roach  
  112  8:22  Roach x2  
  112  8:24  Roach x2  
  120  8:32  Roach  
  120  8:33  Roach x3  
  128  8:35  Roach x2  
  128  8:36  Ravager  
  128  8:37  Ravager x2  
  128  8:40  Roach  
  135  8:59  Roach x2  
  135  9:00  Roach  
  135  9:02  Overlord  
  121  9:03  Roach x5  
  129  9:11  Overlord x4  
  129  9:21  Overseer  
  129  9:25  Overlord x2  
  129  9:30  Roach x5  
  139  9:33  Roach x2  
  139  9:37  Roach  
  141  9:43  Roach  
  143  9:46  Roach x5  
  143  9:47  Roach  
  143  9:50  Overlord  
  145  10:00  Ravager x2  
  145  10:01  Roach x2  
  137  10:11  Roach x2  
  137  10:12  Roach  
  121  10:16  Roach x2  
  121  10:18  Roach x3  
  121  10:19  Roach  
  121  10:24  Nydus Canal  
  117  10:29  Roach x3  
  117  10:30  Roach  
  123  10:38  Roach x2  
  123  10:41  Nydus Canal, Roach  
  129  10:44  Roach  
  129  10:49  Roach  
  131  10:52  Roach  
  131  10:56  Roach  
  133  10:57  Roach  
  133  10:59  Ravager  
  133  11:02  Nydus Canal  
  135  11:04  Ravager  
  135  11:07  Roach x3  
  135  11:09  Roach x2  
  136  11:14  Roach  
  136  11:16  Roach  
  97  11:27  Roach  
  97  11:31  Roach x7  
Tags
 
Add a new tag
Caveats
  • Supply blocks, unpowered buildings, or Contaminate may cause inaccurate times.
  • Supply counts are checked every 10 seconds.